 Dungeon Crawl Stone Soup version 0.19.3-1-g3169bf9 (webtiles) character file.

635 galech the Cudgeler (level 7, -5/74 HPs)
             Began as an Ogre Fighter on Jan 24, 2017.
             Slain by an ogre
             ... wielding a cursed -1 giant club
              (27 damage)
             ... on level 4 of the Dungeon.
             The game lasted 00:08:00 (3508 turns).

galech the Cudgeler (Ogre Fighter)                  Turns: 3508, Time: 00:08:00

Health: -5/74      AC:  3    Str: 29    XL:     7   Next: 50%
Magic:  7/7        EV: 11    Int:  7    God:
Gold:   185        SH:  2    Dex:  9    Spells: 0 memorised, 6 levels left

rFire  . . .     SeeInvis .     r - +0 giant club
rCold  . . .     Gourm    .     b - +0 robe
rNeg   . . .     Faith    .     (shield currently unavailable)
rPois  .         Spirit   .     (helmet restricted)
rElec  .         Reflect  +     (no cloak)
rCorr  .         Harm     .     (gloves unavailable)
MR     .....                    (boots unavailable)
Stlth  +.........               t - +2 amulet of reflection
                                p - ring of flight
                                k - +5 ring of strength

@: no status effects
A: unfitting armour, tough skin 1
a: Evoke Flight


You were on level 4 of the Dungeon.
You were hungry.

You visited 1 branch of the dungeon, and saw 4 of its levels.

You collected 185 gold pieces.

Inventory:

Hand Weapons
 r - a +0 giant club (weapon)
 A - a +0 morningstar
Armour
 b - a +0 robe (worn)
 c - a +0 shield
Jewellery
 k - a +5 ring of strength (left hand)
 p - a ring of flight (right hand)
 t - a +2 amulet of reflection (around neck)
Wands
 x - a wand of enslavement (6/24)
Scrolls
 e - a scroll of enchant armour {unknown}
 i - a scroll of magic mapping {unknown}
 j - 4 scrolls of identify {unknown}
 n - 2 scrolls of fear {unknown}
 o - a scroll of remove curse {unknown}
 q - a scroll of recharging {unknown}
 s - a scroll of immolation {unknown}
 u - a scroll of noise {unknown}
 w - a scroll of enchant weapon {unknown}
 y - a scroll of teleportation {unknown}
Potions
 d - 2 potions of might
 g - a potion of curing {unknown}
 l - a potion of agility {unknown}
 m - 2 potions of brilliance {unknown}
 v - a potion of haste
 B - a potion of lignification {unknown}
Comestibles
 f - 3 bread rations
 h - a meat ration
 z - a beef jerky


   Skills:
 + Level 5.8 Fighting
 + Level 7.1 Maces & Flails
 + Level 4.1 Dodging
 - Level 0.8 Stealth
 - Level 4.0 Shields


You had 6 spell levels left.
You didn't know any spells.

Dungeon Overview and Level Annotations

Branches:
Dungeon (4/15)
 Temple: D:4-7

Altars:
Cheibriados
Hepliaklqana


Innate Abilities, Weirdness & Mutations

You are too large for most types of armour.
You have tough skin. (AC +1)


Message History

You barely miss the ogre. The ogre hits you with a giant club!!
You hit the ogre.
The ogre is moderately wounded.
The ogre hits you with a giant club!
* * * LOW HITPOINT WARNING * * *
You are too injured to fight recklessly!
You are too injured to fight recklessly!
You are too injured to fight recklessly!
You are too injured to fight recklessly!
You are too injured to fight recklessly!
You are too injured to fight recklessly!
You are too injured to fight recklessly!
You are too injured to fight recklessly!
You are too injured to fight recklessly!
You are too injured to fight recklessly!
You are too injured to fight recklessly!
You hit the ogre.
The ogre is moderately wounded.
The ogre hits you with a giant club!!
You die...

..# ### ## .## .
..#### .# ...... .##
..#### #.####### ...
.###.. .....?..###.#
## #.#
############.....# #
#.# #.......@O.......#
# #.#
#.##############......
####.# #.# #...>
.....# #.# ... # ##.##
#.# # ##.#.###.#
##.###.##.#
#.#####.#.#
.....###..#


You could see an ogre.

Vanquished Creatures
  Sigmund (D:2)
  An ogre (D:4)
  The ghost of dscm the Sneak, an amateur OpMo (D:4)
  An orc priest (D:3)
  2 orc wizards
  An iguana (D:3)
  Ijyb (D:3)
  Terence (D:3)
  A worker ant (D:4)
  3 adders (D:2)
  2 oozes
  A worm (D:3)
  A dart slug (D:1)
  3 leopard geckos
  8 orcs
  2 ball pythons
  11 bats
  4 giant cockroaches
  10 goblins
  4 hobgoblins
  5 jackals
  A quokka (D:2)
  5 frilled lizards
  5 kobolds
  8 rats
83 creatures vanquished.

Notes
Turn   | Place    | Note
-------+----------+-------------------------------------------
     0 | D:1      | galech the Ogre Fighter began the quest for the Orb.
     0 | D:1      | Reached XP level 1. HP: 24/24 MP: 1/1
   171 | D:1      | Reached XP level 2. HP: 29/32 MP: 2/2
   328 | D:1      | Reached skill level 3 in Maces & Flails
   328 | D:1      | Reached XP level 3. HP: 28/40 MP: 3/3
   876 | D:2      | Found a snail-covered altar of Cheibriados.
  1329 | D:2      | Noticed Sigmund
  1335 | D:2      | Reached XP level 4. HP: 41/49 MP: 4/4
  1355 | D:2      | Killed Sigmund
  1355 | D:2      | Reached skill level 5 in Fighting
  1355 | D:2      | Reached skill level 5 in Maces & Flails
  1355 | D:2      | Reached XP level 5. HP: 8/57 MP: 5/5
  1355 | D:2      | Reached XP level 6. HP: 9/66 MP: 6/6
  2469 | D:3      | Noticed Terence
  2474 | D:3      | Killed Terence
  2597 | D:3      | Noticed Ijyb
  2642 | D:3      | Killed Ijyb
  2642 | D:3      | Reached skill level 6 in Maces & Flails
  3153 | D:4      | Reached XP level 7. HP: 62/72 MP: 7/7
  3266 | D:4      | Noticed dscm's ghost (amateur OpMo)
  3280 | D:4      | Killed dscm's ghost
  3280 | D:4      | Reached skill level 7 in Maces & Flails
  3414 | D:4      | Found a hazy altar of Hepliaklqana.
  3508 | D:4      | Slain by an ogre

Skill      XL: |  1  2  3  4  5  6  7 |
---------------+----------------------+-----
Dodging        | 3 4 |  4.1
Shields        | 3 4 |  4.0
Maces & Flails | 3 5 6 7 |  7.1
Fighting       | 5 |  5.8
Stealth        | |  0.8

Action                   |  1- 3 |  4- 6 |  7- 9 || total
-------------------------+-------+-------+-------++-------
Melee: Flail             |   119 |   134 |       ||   253
       Morningstar       |       |    12 |     9 ||    21
       Giant club        |       |       |    21 ||    21
 Stab: Sleeping          |     1 |       |       ||     1
  Eat: Chunk             |     2 |     6 |       ||     8
Armor: Robe              |    42 |    36 |     1 ||    79
Dodge: Dodged            |    46 |    47 |    15 ||   108
Block: Shield            |    70 |    60 |     7 ||   137
       Other             |       |       |     1 ||     1
